 Dungeon Crawl Stone Soup version 0.28.0-43-g3370ac3207 (webtiles) character file.

Game seed: 6520875134851718174

814 Peloso the Shield-Bearer (level 7, 0/61 HPs)
             Began as a Minotaur Fighter on Mar 7, 2022.
             Was an Initiate of Okawaru.
             Slain by a sky beast (6 damage)
             ... on level 5 of the Dungeon.
             The game lasted 00:05:53 (4001 turns).

Peloso the Shield-Bearer (Minotaur Fighter)         Turns: 4001, Time: 00:05:54

Health: 0/61       AC: 12    Str: 21    XL:     7   Next: 62%
Magic:  6/6        EV:  3    Int:  5    God:    Okawaru [......]
Gold:   198        SH: 13    Dex: 11    Spells: 6/6 levels left

rFire   . . .      SeeInvis .   a - +0 long sword
rCold   . . .      Faith    .   c - +0 tower shield
rNeg    . . .      Spirit   .   e - +0 plate armour
rPois   .          Reflect  .   (helmet restricted)
rElec   .          Harm     .   (no cloak)
rCorr   .          Rampage  .   (no gloves)
Will    .....                   (no boots)
Stlth   ..........              (no amulet)
HPRegen 0.20/turn               (no ring)
MPRegen 0.10/turn               (no ring)

@: no status effects
A: horns 2, retaliatory headbutt
a: Renounce Religion


You were on level 5 of the Dungeon.
You worshipped Okawaru.
Okawaru was noncommittal.
You visited 2 branches of the dungeon, and saw 6 of its levels.

You collected 198 gold pieces.

Inventory:

Hand Weapons
 a - a +0 long sword (weapon)
Armour
 b - a +0 scale mail
 c - a +0 tower shield (worn)
 e - a +0 plate armour (worn)
Wands
 m - a wand of polymorph (5)
Scrolls
 f - a scroll of teleportation {unknown}
 h - 3 scrolls of noise
 k - a scroll of enchant armour {unknown}
 l - a scroll of identify {unknown}
Potions
 d - 3 potions of might


   Skills:
 + Level 5.2 Fighting
 + Level 6.4 Long Blades
 + Level 6.2 Armour
 + Level 0.2 Dodging
 + Level 0.1 Stealth
 + Level 6.4 Shields


You had 6 spell levels left.
You didn't know any spells.
Your spell library contained the following spells:

 Spells                   Type           Power      Damage    Failure   Level
 Magic Dart               Conj           0%         1d3       100%        1
 Sting                    Tmut/Pois      0%         1d3       100%        1
 Ensorcelled Hibernation  Hex/Ice        0%         N/A       100%        2
 Poisonous Vapours        Pois/Air       0%         N/A       100%        2
 Searing Ray              Conj           0%         2d4       100%        2
 Spider Form              Tmut/Pois      0%         N/A       100%        3
 Anguish                  Hex/Necr       0%         N/A       100%        4
 Fulminant Prism          Conj/Hex       0%         3d6       100%        4
 Olgreb's Toxic Radiance  Pois           0%         N/A       100%        4


Dungeon Overview and Level Annotations

Branches:
Dungeon (5/15)             Temple (1/1) D:5

Altars:
Cheibriados
Dithmenos
Elyvilon
Fedhas
Gozag
Hepliaklqana
Kikubaaqudgha
Makhleb
Nemelex Xobeh
Okawaru
Qazlal
Ru
Trog
Uskayaw
Vehumet
Wu Jian
Xom
Yredelemnul
Zin
The Shining One

Shops:
D:5 (

Annotations:
D:4 Dowan


Innate Abilities, Weirdness & Mutations

You have a pair of horns on your head.
You reflexively headbutt those who attack you in melee.


Message History

Unknown command.
You hit the ice beast. Your headbutt misses the ice beast.
The ice beast is lightly wounded.
You block the ice beast's attack.
A sky beast appears from thin air!
Reactivating autopickup.
The sky beast hits you but does no damage.
The ice beast hits you but does no damage.
Unknown command.
You closely miss the ice beast.
The ice beast is lightly wounded.
You block the sky beast's attack. You block the ice beast's attack.
You hit the ice beast. You headbutt the ice beast.
The ice beast is heavily wounded.
You block the sky beast's attack. You block the ice beast's attack.
The sky beast hits you but does no damage.
You closely miss the ice beast.
You headbutt the ice beast, but do no damage.
The ice beast is heavily wounded.
You block the ice beast's attack.
The sky beast hits you but does no damage.
The ice beast hits you but does no damage.
You barely miss the ice beast. You headbutt the ice beast!
The ice beast is severely wounded.
The sky beast hits you but does no damage.
The ice beast hits you.
* * * LOW HITPOINT WARNING * * *
The ice beast freezes you.
* * * LOW HITPOINT WARNING * * *
You block the sky beast's attack.
You hit the ice beast but do no damage.
The ice beast is severely wounded.
You block the ice beast's attack. The sky beast barely misses you.
The ice beast hits you but does no damage.
Unknown command.
You barely miss the ice beast.
The ice beast is severely wounded.
The sky beast hits you.
* * * LOW HITPOINT WARNING * * *
The sky beast shocks you.
You die...

... #.............#..#
....####.Y...............
.........#.....##.....##.
........###..........## .
##........#..........## .
.......##Y............##.
.....##.###†......##.....
.....#.............##....
...##...@Y..........#....
..##.>...Y...............
.# ##....................
##.#.##....##.....#..
######..)#....<####.
##.....(.## . #.......##
###.)..## #...##


You could see an ice beast and a sky beast.

Vanquished Creatures
  Duvessa (D:4)
  2 ogres
  2 necrophages (D:4)
  A phantom (D:2)
  A scorpion (D:5)
  A gnoll shaman (D:4)
  A howler monkey zombie (D:5)
  3 adders
  9 gnolls
  A howler monkey skeleton (D:5)
  An ufetubus (D:4)
  2 worms (D:4)
  2 dart slugs
  5 orcs (D:3)
  5 ball pythons
  6 endoplasms
  A giant cockroach (D:4)
  5 goblins
  4 hobgoblins
  3 jackals (D:5)
  3 quokkas
  3 bats
  A frilled lizard (D:1)
  5 kobolds
  5 rats
73 creatures vanquished.

Notes
Turn   | Place    | Note
-------+----------+-------------------------------------------
     0 | D:1      | Peloso the Minotaur Fighter began the quest for the Orb.
     0 | D:1      | Reached XP level 1. HP: 19/19 MP: 0/0
   224 | D:1      | Reached XP level 2. HP: 27/27 MP: 1/1
   840 | D:2      | Reached XP level 3. HP: 30/33 MP: 2/2
  1124 | D:2      | Reached XP level 4. HP: 32/40 MP: 3/3
  1298 | D:2      | Found a faded altar of an unknown god.
  1321 | D:2      | Noticed a phantom
  1333 | D:2      | Killed a phantom
  1334 | D:2      | Reached XP level 5. HP: 37/46 MP: 4/4
  2818 | D:4      | Noticed a necrophage
  2826 | D:4      | Killed a necrophage
  2827 | D:4      | Reached skill level 5 in Long Blades
  2827 | D:4      | Reached skill level 5 in Armour
  2827 | D:4      | Reached XP level 6. HP: 49/53 MP: 5/5
  2862 | D:4      | Reached skill level 5 in Shields
  3076 | D:4      | Reached XP level 7. HP: 44/60 MP: 6/6
  3221 | D:4      | Noticed Duvessa
  3226 | D:4      | Noticed Dowan
  3234 | D:4      | Killed Duvessa
  3245 | D:5      | Entered Level 5 of the Dungeon
  3250 | D:5      | HP: 2/60 [jackal (3)]
  3263 | D:5      | Reached skill level 5 in Fighting
  3578 | D:5      | Found a staircase to the Ecumenical Temple.
  3592 | Temple   | Entered the Ecumenical Temple
  3886 | Temple   | Became a worshipper of Warmaster Okawaru
  3939 | D:5      | Found Maco's Antique Weapon Emporium.
  4001 | D:5      | Slain by a sky beast

Illustrated notes

Levels and vault maps discovered:
D:1:      minmay_arrival_glassed_features, layout_loops_ring
D:2:      layout_basic, hellmonk_ecumenical_altar_arch_garden
D:3:      layout_basic, hex_large
D:4:      layout_loops_ring, uniq_edmund, uniq_blork_the_orc, uniq_duvessa
D:5:      cheibrodos_barr_body, layout_cave_pools,
          minmay_temple_entry_offerings, serial_shops, shop, uniq_grinder,
          uniq_crazy_yiuf_cottage
Temple:   mainiacjoe_temple_cubbyholes

Skill      XL: |  1  2  3  4  5  6  7 |
---------------+----------------------+-----
Fighting       | 4 5 |  5.2
Armour         | 4 5 6 |  6.2
Long Blades    | 3 4 5 6 |  6.4
Shields        | 4 5 6 |  6.4
Dodging        | |  0.2
Stealth        | |  0.1

Action                   |  1- 3 |  4- 6 |  7- 9 || total
-------------------------+-------+-------+-------++-------
Melee: Long sword        |    63 |   126 |    69 ||   258
       Headbutt          |     9 |    19 |    20 ||    48
Throw: Throwing net      |       |       |     1 ||     1
  Use: Potion            |     1 |       |     4 ||     5
       Scroll            |     1 |     1 |       ||     2
Armor: Scale mail        |     4 |       |       ||     4
       Plate armour      |    29 |    73 |    55 ||   157
Dodge: Dodged            |    13 |    19 |    10 ||    42
Block: Kite shield       |    36 |    20 |       ||    56
       Tower shield      |       |    86 |    73 ||   159
